 Dungeon Sprint DCSS version 0.27-a0-686-gaed091b46b (webtiles) character file.

Game seed: 16399814515432153819

228 mhtbhm the Skirmisher (level 6, -1/44 HPs)
             Began as a Gargoyle Fighter on Mar 20, 2021.
             Was a Follower of Okawaru.
             Slain by an orc warrior
             ... wielding a +0 scimitar
              (9 damage)
             ... in the Dungeon (Sprint VII: "The Pits").
             The game lasted 00:00:52 (352 turns).

mhtbhm the Skirmisher (Gargoyle Fighter)             Turns: 352, Time: 00:00:53

Health: -1/44      AC: 26    Str: 22    XL:     6   Next: 2%
Magic:  6/6        EV:  5    Int:  8    God:    Okawaru [*.....]
Gold:   0          SH: 10    Dex:  9    Spells: 5/5 levels left

rFire    . . .     SeeInvis .   a - +2 mace (protect)
rCold    . . .     Faith    .   c - +0 kite shield
rNeg     + . .     Spirit   .   b - +2 plate armour
rPois    ∞         Reflect  .   (no helmet)
rElec    +         Harm     .   (no cloak)
rCorr    .         Rampage  .   (no gloves)
Will     .....     NoTele   +   (no boots)
Stlth    ..........             (no amulet)
HPRegen  0.14/turn              (no ring)
MPRegen  0.10/turn              (no ring)

@: protection aura
A: AC +4, negative energy resistance 1, electricity resistance, torment
resistance 1, unbreathing 1, petrification resistance
a: Renounce Religion, Heroism


You were in the Dungeon.
You worshipped Okawaru.
Okawaru was aware of your devotion.
You visited 1 branch

Inventory:

Hand Weapons
 a - a +2 mace of protection (weapon)
Armour
 b - a +2 plate armour (worn)
 c - a +0 kite shield (worn)
Scrolls
 j - a scroll of blinking
 l - 5 scrolls of amnesia
 m - a scroll of summoning
Potions
 d - a potion of might
 e - 6 potions of curing
 f - 5 potions of heal wounds
 g - a potion of haste
 h - 4 potions of magic
 i - 3 potions of berserk rage
 k - 2 potions of invisibility


   Skills:
 + Level 7.5 Fighting
 + Level 5.7 Maces & Flails
 + Level 7.5 Armour
 + Level 7.4 Shields


You had 5 spell levels left.
You didn't know any spells.
Your spell library was empty.

Dungeon Overview and Level Annotations

Branches:
Dungeon (1/1)

Altars:
Ashenzari
Cheibriados
Dithmenos
Elyvilon
Fedhas
Gozag
Hepliaklqana
Kikubaaqudgha
Makhleb
Nemelex Xobeh
Okawaru
Qazlal
Ru
Sif Muna
Trog
Uskayaw
Vehumet
Wu Jian
Xom
Yredelemnul
Zin
The Shining One
Beogh
Jiyva
Lugonu


Innate Abilities, Weirdness & Mutations

Your stone body is resilient. (AC +4)
You are immune to poison.
You resist negative energy. (rN+)
You are resistant to electric shocks. (rElec)
You are resistant to unholy torment.
You can survive without breathing.
You are immune to petrification.


Message History

You barely miss the kobold brigand.
The kobold brigand is heavily wounded.
The kobold brigand hits you but does no damage.
You thump the kobold brigand!
The kobold brigand is almost dead.
The kobold brigand hits you but does no damage.
You block the kobold brigand's attack.
The kobold shouts!
You hit the kobold brigand.
You kill the kobold brigand!
Okawaru accepts your kill.
Your Maces & Flails skill increases to level 5!
Your Shields skill increases to level 7!
You have reached level 6!
Your experience leads to an increase in your attributes!
Increase (S)trength, (I)ntelligence, or (D)exterity?
You feel stronger.
Unknown command.
You hit the orc warrior but do no damage.
The orc warrior hits you with a +0 scimitar.
The orc warrior closely misses you.
You hit the orc warrior.
The orc warrior is lightly wounded.
The orc warrior hits you with a +0 scimitar!
You hit the orc warrior.
The orc warrior is moderately wounded.
The orc warrior hits you with a +0 scimitar.
You barely miss the orc warrior.
The orc warrior is moderately wounded.
You block the orc warrior's attack.
You closely miss the orc warrior.
The orc warrior is moderately wounded.
You block the orc warrior's attack.
The orc priest mumbles some strange prayers to Beogh against you.
Beogh smites you!
* * * LOW HITPOINT WARNING * * *
You closely miss the orc warrior.
The orc warrior is moderately wounded.
The orc warrior hits you with a +0 scimitar!
You die...

##########'##.....
#.?(.')))'.##.....
##########.##.....
#..........÷'.....
#'#####÷#####.....
#.#..#...'.##.....
#.#..#...#.#####'#
#.#..#####)##.....
#@#..'...#†##.....
#o#..'...'.##.....
#o#..########...<.
#g#..'.)))[##.....
#K#..#.)))[##.....
#'###########.....
#.. ###### #...
#...#


You could see an orc warrior, an orc priest, a goblin and a kobold.

Vanquished Creatures
  A floating eye (D)
  A kobold brigand (D)
  Jessica (D)
  A gnoll (D)
  An adder (D)
  A worm (D)
  An orc (D)
  A bat (D)
  A hobgoblin (D)
  A frilled lizard (D)
  3 rats (D)
13 creatures vanquished.

Notes
Turn   | Place    | Note
-------+----------+-------------------------------------------
     0 | D        | mhtbhm the Gargoyle Fighter began the quest for the Orb.
     0 | D        | Reached XP level 1. HP: 14/14 MP: 1/1
    22 | D        | Found a bloodstained altar of Trog.
    22 | D        | Found a shimmering blue altar of Sif Muna.
    22 | D        | Found a viscous altar of Jiyva.
    22 | D        | Found a hazy altar of Hepliaklqana.
    22 | D        | Found an opulent altar of Gozag.
    23 | D        | Found a glowing golden altar of the Shining One.
    23 | D        | Found a glowing silver altar of Zin.
    23 | D        | Found a shimmering altar of Xom.
    23 | D        | Found an ornate altar of the Wu Jian Council.
    23 | D        | Found a sacrificial altar of Ru.
    23 | D        | Found a stormy altar of Qazlal.
    23 | D        | Found an iron altar of Okawaru.
    23 | D        | Found a sparkling altar of Nemelex Xobeh.
    23 | D        | Found a burning altar of Makhleb.
    23 | D        | Found a blossoming altar of Fedhas.
    23 | D        | Found a white marble altar of Elyvilon.
    23 | D        | Found a shadowy altar of Dithmenos.
    23 | D        | Found a snail-covered altar of Cheibriados.
    25 | D        | Found a radiant altar of Vehumet.
    25 | D        | Found a corrupted altar of Lugonu.
    27 | D        | Found an ancient bone altar of Kikubaaqudgha.
    27 | D        | Found a hide-covered altar of Uskayaw.
    27 | D        | Found a broken altar of Ashenzari.
    31 | D        | Became a worshipper of Warmaster Okawaru
    70 | D        | Noticed a floating eye
    72 | D        | Paralysed by a floating eye for 4 turns
    77 | D        | Killed a floating eye
    77 | D        | Reached * piety under Okawaru
    78 | D        | Reached XP level 2. HP: 23/23 MP: 2/2
    78 | D        | Reached XP level 3. HP: 28/28 MP: 3/3
    78 | D        | Reached XP level 4. HP: 32/32 MP: 4/4
   167 | D        | Reached XP level 5. HP: 32/37 MP: 5/5
   316 | D        | Noticed a kobold brigand
   317 | D        | Noticed an orc warrior
   324 | D        | Noticed Jessica
   342 | D        | Killed Jessica
   346 | D        | Killed a kobold brigand
   347 | D        | Reached skill level 5 in Maces & Flails
   347 | D        | Reached XP level 6. HP: 34/44 MP: 6/6
   352 | D        | Slain by an orc warrior

Illustrated notes

Levels and vault maps discovered:
D:        pitsprint [storerooms_1, entrance_room_1, metal_vault_5, armoury_1,
          mini_pit_1, grid_room_1, main_hall_1, silver_pit, the_coven_3,
          the_vestibule_1, steel_vault_2, golden_pit, hallway_of_sentries,
          crystal_vault_4, iron_vault_1, final_vault]

Skill      XL: |  1  2  3  4  5 |
---------------+----------------+-----
Fighting       | 6 7 |  7.5
Maces & Flails | 3 5 |  5.7
Armour         | 6 7 |  7.5
Shields        | 6 7 |  7.4

Action                   |  1- 3 |  4- 6 || total
-------------------------+-------+-------++-------
Melee: Mace              |     4 |    39 ||    43
       Flail             |     1 |       ||     1
  Use: Potion            |       |     1 ||     1
Armor: Scale mail        |       |     7 ||     7
       Plate armour      |       |    13 ||    13
Dodge: Dodged            |     1 |     5 ||     6
Block: Kite shield       |       |    21 ||    21

Table legend: (Time is in decaauts)
 A = Elapsed time spent in this place.
 B = Non-inter-level travel time spent in this place.
 C = Inter-level travel time spent in this place.
 D = Time resting spent in this place.
 E = Time spent auto-exploring this place.
 F = Levels seen in this place.
 G = Mean time per level.
                   A        B        C        D        E       F      G
               +--------+--------+--------+--------+--------+-----+--------+
         Total |    367 |    367 |      0 |    102 |     52 |   1 |  367.0 |
       Dungeon |    367 |    367 |      0 |    102 |     52 |   1 |  367.0 |
               +--------+--------+--------+--------+--------+-----+--------+

Top non-repeatable levels by time:
       D: 367 daAuts
